 Dungeon Crawl Stone Soup version 0.22-a0-353-g2d6336e (webtiles) character file.

2867 JeffiDaFish the Conjurer (level 9, -2/62 HPs)
             Began as a Black Draconian Fire Elementalist on Apr 15, 2018.
             Was a Follower of Sif Muna.
             Succumbed to a killer bee's poison
             ... on level 7 of the Dungeon on Apr 16, 2018.
             The game lasted 00:22:26 (9317 turns).

JeffiDaFish the Conjurer (DrFE)                     Turns: 9317, Time: 00:22:26

Health: -2/62      AC: 10    Str: 16    XL:     9   Next: 47%
Magic:  0/19       EV: 12    Int: 18    God:    Sif Muna [*.....]
Gold:   286        SH:  0    Dex: 12    Spells: 9/22 levels left

rFire    + . .     SeeInvis .   h - +0 long sword
rCold    . . .     Gourm    .   (no shield)
rNeg     . . .     Faith    .   (armour unavailable)
rPois    .         Spirit   .   (helmet restricted)
rElec    +         Reflect  .   (no cloak)
rCorr    .         Harm     .   f - +1 pair of gloves
MR       .....                  l - +0 pair of boots
Stlth    +++.......             (no amulet)
HPRegen  0.20/turn              g - ring of stealth
MPRegen  0.16/turn              k - +5 ring of strength

@: lethally poisoned (-2 -> -26), very slightly contaminated
A: breathe lightning, unfitting armour, blink, fire resistance 1, electricity
resistance, cold-blooded, AC +7
a: Breathe Lightning, Blink, Divine Energy, Renounce Religion


You were on level 7 of the Dungeon.
You worshipped Sif Muna.
Sif Muna was aware of your devotion.
You were very hungry.

You visited 1 branch of the dungeon, and saw 7 of its levels.

You collected 319 gold pieces.
You spent 33 gold pieces at shops.

Inventory:

Hand Weapons
 c - a +0 dagger
 h - a +0 long sword (weapon)
 j - a +0 falchion
Armour
 f - a +1 pair of gloves (worn)
 l - a +0 pair of boots (worn)
 o - a +2 buckler
Jewellery
 g - a ring of stealth (left hand)
 k - a +5 ring of strength (right hand)
 q - an uncursed ring of protection from cold
Wands
 i - a wand of random effects (19)
Scrolls
 a - 7 scrolls of identify
 d - a scroll of magic mapping
 e - 2 scrolls of remove curse
 m - 2 scrolls of amnesia
Comestibles
 b - 11 rations
 p - 2 chunks of flesh


   Skills:
 - Level 2.1 Dodging
 - Level 2.0 Stealth
 + Level 3.1 Shields
 * Level 7.2 Spellcasting
 * Level 7.5 Conjurations
 * Level 7.3 Fire Magic


You had 9 spell levels left.
You knew the following spells:

 Your Spells              Type           Power        Failure   Level  Hunger
a - Flame Tongue          Conj/Fire      ####.        1%          1    None
b - Conjure Flame         Conj/Fire      ####....     1%          3    ##.....
c - Sticky Flame          Conj/Fire      ####....     4%          4    ####...
d - Fireball              Conj/Fire      ####......   14%         5    #####..


Dungeon Overview and Level Annotations

Branches:
Dungeon (7/15)
 Temple: D:4-7

Altars:
Ashenzari
Cheibriados
Elyvilon
Fedhas
Gozag
Makhleb
Nemelex Xobeh
Okawaru
Ru
Sif Muna
Zin

Shops:
D:3 *   D:5 !   D:6 }


Innate Abilities, Weirdness & Mutations

You can breathe wild blasts of lightning.
Your glossy black scales are hard. (AC +7)
You cannot fit into any form of body armour.
You are resistant to electric shocks. (rElec)
You are cold-blooded and may be slowed by cold attacks.
You can translocate small distances at will.
Your flesh is heat resistant. (rF+)


Message History

Confirm with . or Enter, or press ? or * to list all spells.
Aiming: Flame Tongue (safe; 1% risk of failure)
Press: ? - help, Shift-Dir - straight line, f/p - killer bee
Aim: a killer bee (almost dead)
The flame tongue hits the killer bee.
You kill the killer bee!
Sif Muna accepts your kill.
* * * LOW HITPOINT WARNING * * *
You feel sick. The killer bee stings you.
* * * LOW HITPOINT WARNING * * *
You feel extremely strange.
You feel agile.
You feel stupid.
You feel jittery.
You feel resistant to heat.
* * * LOW HITPOINT WARNING * * *
You feel very sick.
The killer bee stings you but does no damage.
The killer bee misses you.
You riposte.
You miss the killer bee.
The killer bee is almost dead.
You closely miss the killer bee.
The killer bee is almost dead.
You die...

#.###....##..# #
.........##..########
.....#.###..........
....###.###..<##########
..............))........
###########...########.#
........<.<....
#.########...#####
.......@y....#
..########...# #...#
#...# #...# #...# .....
##.###


You could see a killer bee.

Vanquished Creatures
  Pikel (D:4)
  The ghost of gressup the Firebug, a novice DrFE of Vehumet (D:5)
  The ghost of Terrapin the Gusty, an amateur DgAE (D:3)
  A black bear (D:5)
  An ice beast (D:6)
  An orc warrior (D:6)
  4 slaves (D:4)
  An ogre (D:6)
  2 phantoms (D:6)
  2 centaurs (D:6)
  2 bullfrogs (D:6)
  A water moccasin skeleton (D:6)
  9 killer bees (D:7)
  3 scorpions
  A crimson imp (D:5)
  2 hounds
  An orc priest (D:6)
  4 worker ants
  2 iguanas
  4 orc wizards
  Robin (D:3)
  8 adders
  A howler monkey skeleton (D:5)
  2 oozes (D:2)
  2 adder skeletons
  An adder zombie (D:6)
  4 worms
  3 dart slugs
  3 leopard geckos
  10 orcs
  4 ball pythons
  6 giant cockroaches
  12 goblins
  12 hobgoblins
  7 jackals
  9 kobolds
  2 quokkas
  10 bats
  8 frilled lizards
  2 leopard gecko skeletons
  A quokka zombie (D:7)
  8 rats
160 creatures vanquished.

Notes
Turn   | Place    | Note
-------+----------+-------------------------------------------
     0 | D:1      | JeffiDaFish the Draconian Fire Elementalist began the quest for the Orb.
     0 | D:1      | Reached XP level 1. HP: 14/14 MP: 3/3
   291 | D:1      | Reached XP level 2. HP: 20/20 MP: 5/5
   709 | D:1      | Reached XP level 3. HP: 12/26 MP: 0/6
  1937 | D:2      | Learned a level 3 spell: Conjure Flame
  1967 | D:2      | Reached XP level 4. HP: 33/33 MP: 7/7
  2780 | D:2      | Learned a level 4 spell: Sticky Flame
  2797 | D:2      | Found a blossoming altar of Fedhas.
  2859 | D:2      | Found a shattered altar of Ashenzari.
  2997 | D:3      | Noticed Terrapin's ghost (amateur DgAE)
  3010 | D:3      | Killed Terrapin's ghost
  3010 | D:3      | Reached XP level 5. HP: 33/38 MP: 2/10
  3208 | D:3      | Noticed Robin
  3251 | D:3      | Killed Robin
  3452 | D:3      | Reached XP level 6. HP: 45/45 MP: 11/11
  3629 | D:3      | Found an opulent altar of Gozag.
  3629 | D:3      | Found Gozag's Platinum Reserve.
  4215 | D:4      | Noticed Pikel
  4215 | D:4      | Noticed a slave
  4215 | D:4      | Noticed a slave
  4216 | D:4      | Noticed a slave
  4218 | D:4      | Noticed a slave
  4261 | D:4      | Killed a slave
  4320 | D:4      | Killed a slave
  4333 | D:4      | Killed a slave
  4347 | D:4      | Killed a slave
  4678 | D:4      | Killed Pikel
  4678 | D:4      | Reached skill level 5 in Fire Magic
  4678 | D:4      | Your scales start taking on a glossy black colour.
  4678 | D:4      | Reached XP level 7. HP: 37/50 MP: 4/14
  4678 | D:4      | Gained mutation: You are resistant to electric shocks. (rElec) [Black Draconian growth]
  4770 | D:4      | Gained mutation: You are clumsy. (Dex -2) [potion of mutation]
  4770 | D:4      | Gained mutation: Your mind is acute. (Int +2) [potion of mutation]
  5179 | D:4      | Noticed an angel
  5180 | D:4      | Found a glowing silver altar of Zin.
  5221 | D:4      | Found a sacrificial altar of Ru.
  5420 | D:5      | Entered Level 5 of the Dungeon
  5434 | D:5      | Noticed gressup's ghost (novice DrFE)
  5467 | D:5      | Killed gressup's ghost
  5467 | D:5      | Reached skill level 5 in Spellcasting
  5467 | D:5      | Reached skill level 5 in Conjurations
  5467 | D:5      | Reached XP level 8. HP: 24/57 MP: 0/16
  5602 | D:5      | Found Icoijot's Distillery.
  5610 | D:5      | Bought a potion of curing for 33 gold pieces
  5638 | D:5      | Found a snail-covered altar of Cheibriados.
  5694 | D:5      | Found a sparkling altar of Nemelex Xobeh.
  5848 | D:5      | Found a deep blue altar of Sif Muna.
  5852 | D:5      | Became a worshipper of Sif Muna the Loreminder
  6085 | D:5      | Learned a level 5 spell: Fireball
  6175 | D:5      | Reached skill level 1 in Shields
  7501 | D:6      | Reached * piety under Sif Muna
  7775 | D:5      | Reached XP level 9. HP: 60/62 MP: 13/18
  8139 | D:6      | Found a white marble altar of Elyvilon.
  8184 | D:6      | Found an iron altar of Okawaru.
  8351 | D:6      | Found a burning altar of Makhleb.
  8426 | D:6      | Found Cucil's Gadget Emporium.
  9315 | D:7      | HP: 3/62 [killer bee (5)]
  9316 | D:7      | Lost mutation: You are clumsy. (Dex -2) [potion of mutation]
  9316 | D:7      | Lost mutation: Your mind is acute. (Int +2) [potion of mutation]
  9316 | D:7      | Gained mutation: You can translocate small distances at will. [potion of mutation]
  9316 | D:7      | Gained mutation: Your flesh is heat resistant. (rF+) [potion of mutation]
  9316 | D:7      | HP: 1/62 [poisoned by a killer bee]
  9317 | D:7      | Succumbed to a killer bee's poison

Vault maps used:
D:1:      lightli_arrival_maybe_door_vault, corexii_hall_statues_u,
          minmay_heptomino_d4
D:2:      overflow_temple_1_default, lemuel_doored_altar
D:3:      nicolae_gozag_zags_fifth_avenue, first_ration, corexii_shack,
          skrybe_limestone_x, uniq_robin
D:4:      zin_angel, nicolae_ru_the_path_less_chosen, abandoned_shop, uniq_pikel
D:5:      led_sif_book, nemelex_xobeh_ov_fountains_minmay,
          kennysheep_slug_shrine, portal_sewer_entry_e, serial_shops, shop
D:6:      lemuel_round_altar, lemuel_coloured_pillars_altar, elyvilon_altar_1,
          serial_shops, kennysheep_mini_moat
D:7:      minmay_temple_entry_from_below_b

Skill      XL: |  1  2  3  4  5  6  7  8  9 |
---------------+----------------------------+-----
Dodging        | 2 |  2.1
Stealth        | 2 |  2.0
Conjurations   | 3 4 5 6 7 |  7.5
Fire Magic     | 4 5 6 7 |  7.3
Spellcasting   | 3 4 5 6 7 |  7.2
Shields        | 2 3 |  3.1

Action                   |  1- 3 |  4- 6 |  7- 9 || total
-------------------------+-------+-------+-------++-------
Melee: Unarmed           |    22 |       |       ||    22
       Dagger            |   141 |    37 |       ||   178
       Tailslap          |    15 |    21 |    16 ||    52
       Long sword        |       |   121 |   170 ||   291
 Cast: Flame Tongue      |    33 |    51 |    51 ||   135
       Conjure Flame     |       |     3 |     1 ||     4
       Sticky Flame      |       |     4 |    30 ||    34
       Fireball          |       |       |     6 ||     6
  Use: Scroll            |     2 |     9 |     6 ||    17
       Potion            |     1 |     2 |     7 ||    10
 Stab: Sleeping          |     4 |     5 |     3 ||    12
  Eat: Chunk             |     4 |     8 |    12 ||    24
       Ration            |       |     1 |     2 ||     3
Armor: Skin              |    72 |    58 |   118 ||   248
Dodge: Dodged            |   143 |   119 |   189 ||   451
       Rpst.: Long sword |       |    22 |    73 ||    95

Table legend:
 A = Spawn XP
 B = Non-spawn XP
 C = Spawn XP percentage of total XP
 D = Spawn monster count
 E = Non-spawn monster count
 F = Spawn count percentage of total count
 G = Total turns spent on level
                    A         B        C        D         E        F      G
               +---------+---------+-------+---------+---------+-------+---------
         Total |       0 |    4096 |   0.0 |       0 |     156 |   0.0 |  9317
               +---------+---------+-------+---------+---------+-------+---------
           D:1 |       0 |      50 |   0.0 |       0 |      26 |   0.0 |  1404
           D:2 |       0 |     107 |   0.0 |       0 |      26 |   0.0 |  1581
           D:3 |       0 |     253 |   0.0 |       0 |      34 |   0.0 |  1181
           D:4 |       0 |     656 |   0.0 |       0 |       4 |   0.0 |  1254
           D:5 |       0 |    1019 |   0.0 |       0 |      32 |   0.0 |  2206
           D:6 |       0 |    1349 |   0.0 |       0 |      19 |   0.0 |  1287
           D:7 |       0 |     662 |   0.0 |       0 |      15 |   0.0 |   404
               +---------+---------+-------+---------+---------+-------+---------
